 Dungeon Crawl Stone Soup version 0.29-a0-337-g68df138881 (webtiles) character file.

Game seed: 14597870261726654257

649 spaghetti the Conjurer (level 7, -5/41 HPs)
             Began as an Octopode Conjurer on Apr 16, 2022.
             Was an Elder of Jiyva.
             Slain by an ice beast (13 damage)
             ... on level 4 of the Dungeon.
             The game lasted 00:05:42 (2893 turns).

spaghetti the Conjurer (Octopode Conjurer)          Turns: 2893, Time: 00:05:43

Health: -5/41      AC:  1    Str:  8    XL:     7   Next: 53%
Magic:  4/12       EV: 13    Int: 23    God:    Jiyva [****..]
Gold:   144        SH:  0    Dex: 10    Spells: 0/13 levels left

rFire   + . .      SeeInvis .   g - staff of conjuration {!a@e2staff}
rCold   x . .      Faith    .   (no shield)
rNeg    . . .      Spirit   .   (helmet restricted)
rPois   +          Reflect  .   (no amulet)
rElec   .          Harm     .   e - ring of fire
rCorr   +          Rampage  .   (no ring)
Will    +....                   (no ring)
Stlth   +++.......              (no ring)
HPRegen 1.41/turn               (no ring)
MPRegen 0.53/turn               (no ring)
                                (no ring)
                                (no ring)

@: no status effects
A: almost no armour, amphibious, 8 rings, camouflage 1, gelatinous body 1,
(nimble swimmer 1), tentacles, strong-willed 1, poison resistance, strong 1,
evolution 1, tendrils, jelly sensing items
a: Renounce Religion, Oozemancy, Slimify


You were on level 4 of the Dungeon.
You worshipped Jiyva.
Jiyva was greatly pleased with you.
You visited 1 branch of the dungeon, and saw 4 of its levels.

You collected 144 gold pieces.


Innate Abilities, Weirdness & Mutations

You cannot wear most types of armour.
You are amphibious.
You can wear up to eight rings at the same time.
Your skin changes colour to match your surroundings (Stealth+).
Your rubbery body absorbs attacks. (AC +1, EV +1)
((You are camouflaged when in or above water. (Stealth+)))
You have tentacles for arms and can constrict up to eight enemies at once.
You are strong-willed. (Will+)
Your system is resistant to poisons. (rPois)
Your muscles are strong. (Str +2)
You have hidden genetic potential.
You are covered in slimy tendrils that may disarm your opponents.
You have a small jelly attached to you that senses nearby items.


   Skills:
 + Level 0.3 Fighting
 + Level 2.0 Dodging
 - Level 2.6 Stealth
 * Level 3.8 Spellcasting
 + Level 7.1 Conjurations
 + Level 2.3 Ice Magic
 + Level 2.3 Air Magic


You couldn't memorise any spells.
You knew the following spells:

 Your Spells              Type           Power      Damage    Failure   Level
a - Magic Dart            Conj           100%       1d8       1%          1
b - Searing Ray           Conj           100%       2d8       1%          2
c - Iskenderun's Mystic   Conj/Tloc      31%        2d8       24%         4
d - Fulminant Prism       Conj/Hex       15%        3d11      24%         4
e - Blink                 Tloc           8%         N/A       16%         2

Your spell library contained the following spells:

 Spells                   Type           Power      Damage    Failure   Level
 Dazzling Flash           Conj/Hex       62%        N/A       8%          3
 Mephitic Cloud           Conj/Pois/Air  28%        N/A       9%          3
 Ignite Poison            Fire/Tmut/Pois 6%         N/A       32%         3
 Tukima's Dance           Hex            4%         N/A       32%         3
 Freezing Cloud           Conj/Ice/Air   16%        6-21      52%         5
 Passage of Golubria      Tloc           4%         N/A       71%         4
 Manifold Assault         Tloc           4%         N/A       96%         5
 Yara's Violent Unravell  Hex/Tmut       2%         3d3       96%         5
 Storm Form               Tmut/Air       4%         N/A       100%        7

Inventory:

Hand Weapons
 b - a +2 spear of venom {polearm}
   (You found it on level 1 of the Dungeon)
 f - a +2 dire flail of draining {mace}
   (You took it off Edmund on level 4 of the Dungeon)
 i - a +2 dagger of venom {short}
   (You found it on level 1 of the Dungeon)
 l - a +6 trident of flaming {polearm}
   (You took it off Robin on level 2 of the Dungeon)
 m - a +4 quarterstaff of chaos {staff}
   (You took it off Crazy Yiuf on level 2 of the Dungeon)
 q - a +0 hand axe of holy wrath {axe}
   (You took it off an orc priest on level 3 of the Dungeon)
Missiles
 o - 52 stones {throwing}
 s - a throwing net {=f!fthrowing}
 v - 8 poisoned darts {throwing}
Magical Staves
 g - a staff of conjuration (weapon) {!a@e2staff}
   (You found it on level 1 of the Dungeon)
Jewellery
 e - a ring of fire (left tentacle)
   (You found it on level 1 of the Dungeon)
 j - an amulet of regeneration {@e2}
   (You found it on level 2 of the Dungeon)
 r - a ring of ice
   (You found it on level 3 of the Dungeon)
Scrolls
 h - a scroll of brand weapon {unknown}
 k - 2 scrolls of enchant weapon {unknown}
 n - a scroll of noise {unknown}
 p - a scroll of blinking {unknown}
 t - a scroll of identify {unknown}
 x - a scroll of teleportation {unknown}
Potions
 a - a potion of magic
 d - a potion of berserk rage {unknown}
 u - a potion of flight {unknown}
 w - a potion of haste {unknown}

Dungeon Overview and Level Annotations

Branches:
Dungeon (4/15)
 Temple: D:4-7

Altars:
Uskayaw
The Shining One
Jiyva

########## ##### #.
#...# #. ## #<#.#
#. ##### .. ####.#
#. ..... #K #....#
#. ##### #.
###.######. ## #.
#...#...... ..
#Y#######.#.#.#####
## #.@.........#.#
###########.#.#
#.#.##### #.#......
#.####### #........
#########


You could see an ice beast and a kobold brigand.


Message History

There is a stone staircase leading up here.
There is a stone staircase leading down here.
Key pressed, stopping explore.
Key pressed, stopping explore.
w - a murky coppery potion 😎 MP[+3]
Your mp is fully restored (12).
Okay, then.
You open the door.
There is an open door here.
Key pressed, stopping explore.
You hear a distant slurping noise.
Key pressed, stopping explore.
x - a scroll labelled NOEFEN XIERHA
Found a stone staircase leading up.
Key pressed, stopping explore.
An ice beast and a hound come into view.
The ice beast moves out of view.
You feel a surge of power!
The magic dart hits the hound.
The hound barks! 😎 MP[-1]
You lost 1 mp, and now have 11/12 mp.
You feel a surge of power!
The magic dart hits the hound.
Casting: Magic Dart (safe; 1% risk of failure)
Confirm with . or Enter, or press ? or * to list all spells.
Aiming: Searing Ray (safe; 1% risk of failure)
Press: ? - help, Shift-Dir - straight line, f/p - hound
Aim: a hound (moderately wounded, 76% to hit)
You feel a surge of power!
The searing ray hits the hound! (Press . to maintain the ray.)
The hound barely misses you. 😎 MP[-2]
You lost 2 mp, and now have 9/12 mp.
The searing ray hits the hound!
You kill the hound!
The searing ray misses the ice beast.
You finish channelling your searing ray.
An orc wizard comes into view. It is wielding a +0 dagger.
The ice beast barely misses you. 😎 MP[-1]
You lost 1 mp, and now have 8/12 mp.
Casting: Searing Ray (safe; 1% risk of failure)
Confirm with . or Enter, or press ? or * to list all spells.
Aiming: Searing Ray (safe; 1% risk of failure)
Press: ? - help, Shift-Dir - straight line You feel a surge of power!
The searing ray hits the ice beast! (Press . to maintain the ray.)
The orc wizard shouts!
A kobold brigand comes into view.
It is wielding a +0 short sword and quivering poisoned darts.
The ice beast hits you. The ice beast freezes you!
You feel a terrible chill! 😮 HP[-14] MP[-1]
You take 14 damage, and now have 27/41 hp.
MASSIVE DAMAGE!! (PAUSE)
You lost 1 mp, and now have 7/12 mp.
The searing ray hits the ice beast.
The searing ray hits the orc wizard!
The kobold brigand shouts!
You hear a shout!
The orc wizard gestures wildly while chanting.
The orc wizard flickers and vanishes!
Deactivating autopickup; reactivate with Ctrl-A.
The ice beast closely misses you.
You hear a shout! 😮 HP[+1] MP[-1]
You lost 1 mp, and now have 6/12 mp.
The searing ray hits the ice beast!
The searing ray hits something!
Reactivating autopickup.
You feel a bit more experienced. The ice beast hits you.
The ice beast freezes you!
You feel a terrible chill!
* * * LOW HITPOINT WARNING * * *
😨 HP[-11]
You take 11 damage, and now have 17/41 hp.
MASSIVE DAMAGE!! (PAUSE)
The searing ray misses the ice beast.
You finish channelling your searing ray.
The ice beast barely misses you. 😨 HP[+1] MP[-1]
You lost 1 mp, and now have 5/12 mp.
Casting: Searing Ray (safe; 1% risk of failure)
Confirm with . or Enter, or press ? or * to list all spells.
Aiming: Searing Ray (safe; 1% risk of failure)
Press: ? - help, Shift-Dir - straight line You feel a surge of power!
The searing ray hits the ice beast but does no damage. (Press . to maintain the ray.)
The ice beast hits you.
* * * LOW HITPOINT WARNING * * *
The ice beast freezes you!
You feel a terrible chill!
* * * LOW HITPOINT WARNING * * *
😱 HP[-13] MP[-1]
You take 13 damage, and now have 5/41 hp.
MASSIVE DAMAGE!! (PAUSE)
You lost 1 mp, and now have 4/12 mp.
Okay, then.
You feel better. The ice beast hits you.
* * * LOW HITPOINT WARNING * * *
The ice beast freezes you!
You feel a terrible chill!
You die...

Skill      XL: |  1  2  3  4  5  6  7 |
---------------+----------------------+-----
Conjurations   | 5 6 7 |  7.1
Spellcasting   | 3 |  3.8
Ice Magic      | 1 2 |  2.3
Air Magic      | 1 2 |  2.3
Fighting       | |  0.3
Dodging        | |  2.0
Stealth        | |  2.6

Action                   |  1- 3 |  4- 6 |  7- 9 || total
-------------------------+-------+-------+-------++-------
 Cast: Magic Dart        |    21 |     3 |     5 ||    29
       Searing Ray       |     9 |    22 |     9 ||    40
  Use: Potion            |       |     1 |     1 ||     2
       Scroll            |       |     1 |       ||     1
Armor: Skin              |     1 |       |       ||     1
Dodge: Dodged            |     2 |     7 |     6 ||    15

Levels and vault maps discovered:
D:1:      minmay_arrival_three_doors, layout_loops_ring,
          ebering_ecumenical_altar_mist
D:2:      wad_pebble_path, layout_loops_ring, uniq_robin,
          uniq_crazy_yiuf_cottage
D:3:      layout_loops_ring, mainiacjoe_overflow_small_starburst, serial_forest,
          infiniplex_forest_corner_1, infiniplex_forest_corner_1,
          infiniplex_forest_straight_1, infiniplex_forest_clump_medium,
          infiniplex_forest_3_way, infiniplex_forest_pool,
          infiniplex_forest_lined_3_way, infiniplex_forest_clump_medium
D:4:      minmay_octagon_keep, layout_basic, lemuel_doored_altar, uniq_edmund,
          uniq_sigmund, uniq_eustachio

Notes
Turn   | Place    | Note
-------+----------+-------------------------------------------
     0 | D:1      | spaghetti the Octopode Conjurer began the quest for the
                  | Orb.
     0 | D:1      | Reached XP level 1. HP: 11/11 MP: 3/3
     0 | D:1      | magus.rc [v1.9.6]
     7 | D:1      | Found a faded altar of an unknown god.
    16 | D:1      | Prayed at the altar of an unknown god.
    16 | D:1      | Became a worshipper of Jiyva Juemi the Shapeless
    16 | D:1      | Reached * piety under Jiyva
   288 | D:1      | Reached XP level 2. HP: 17/17 MP: 0/5
   366 | D:1      | Reached ** piety under Jiyva
   381 | D:1      | You add the spells Tukima's Dance, Passage of Golubria and
                  | Yara's Violent Unravelling to your library.
   704 | D:2      | Learned a level 2 spell: Searing Ray
   730 | D:2      | Reached XP level 3. HP: 21/21 MP: 3/6
   739 | D:2      | Reached skill level 5 in Conjurations
   739 | D:2      | Noticed Robin
   740 | D:2      | Killed Robin
  1041 | D:2      | Reached *** piety under Jiyva
  1041 | D:2      | Gained mutation: You are covered in slimy tendrils that may
                  | disarm your opponents. [Jiyva's grace]
  1041 | D:2      | Gained mutation: You have a small jelly attached to you
                  | that senses nearby items. [Jiyva's grace]
  1041 | D:2      | Gained mutation: You have hidden genetic potential.
                  | [Jiyva's grace]
  1041 | D:2      | Gained mutation: You have great hidden genetic potential.
                  | [Jiyva's grace]
  1162 | D:2      | Found a runed translucent door.
  1163 | D:2      | Noticed Crazy Yiuf
  1428 | D:2      | Killed Crazy Yiuf
  1429 | D:2      | Reached XP level 4. HP: 27/27 MP: 3/7
  1580 | D:3      | Reached skill level 6 in Conjurations
  1586 | D:3      | Gained mutation: Your system is resistant to poisons.
                  | (rPois) [hidden potential]
  1653 | D:3      | Found a glowing golden altar of the Shining One.
  1657 | D:3      | You add the spells Ignite Poison, Mephitic Cloud and
                  | Freezing Cloud to your library.
  1699 | D:3      | Reached XP level 5. HP: 21/31 MP: 4/8
  1730 | D:3      | Gained mutation: Your muscles are strong. (Str +2) [hidden
                  | potential]
  1730 | D:3      | Lost mutation: You have great hidden genetic potential.
                  | [hidden potential expressed]
  1815 | D:3      | You add the spells Blink, Manifold Assault and Storm Form
                  | to your library.
  2442 | D:4      | Reached **** piety under Jiyva
  2477 | D:4      | Noticed Edmund
  2480 | D:4      | Noticed Eustachio
  2488 | D:4      | Killed Edmund
  2488 | D:4      | Killed Eustachio
  2489 | D:4      | Reached skill level 3 in Spellcasting
  2489 | D:4      | Reached skill level 1 in Ice Magic
  2489 | D:4      | Reached skill level 1 in Air Magic
  2489 | D:4      | Reached XP level 6. HP: 21/36 MP: 5/10
  2489 | D:4      | Reached XP level 7. HP: 24/41 MP: 5/11
  2499 | D:4      | Gained mutation: You are strong-willed. (Will+) [hidden
                  | potential]
  2505 | D:4      | Learned a level 4 spell: Iskenderun's Mystic Blast
  2510 | D:4      | Learned a level 4 spell: Fulminant Prism
  2527 | D:4      | Noticed Sigmund
  2537 | D:4      | Killed Sigmund
  2538 | D:4      | Reached skill level 7 in Conjurations
  2538 | D:4      | Reached skill level 2 in Ice Magic
  2538 | D:4      | Reached skill level 2 in Air Magic
  2574 | D:4      | Found a hide-covered altar of Uskayaw.
  2613 | D:4      | Learned a level 2 spell: Blink
  2892 | D:4      | HP: 5/41 [ice beast (12)]
  2893 | D:4      | Slain by an ice beast

Vanquished Creatures
  Sigmund (D:4)
  Eustachio (D:4)
  Edmund (D:4)
  An orc priest (D:3)
  Crazy Yiuf (D:2)
  A hound (D:4)
  3 orc wizards
  A gnoll (D:1)
  Robin (D:2)
  An adder (D:3)
  A white imp (D:4)
  2 worms (D:3)
  A dart slug (D:4)
  3 orcs (D:3)
  3 ball pythons
  2 giant cockroaches
  13 goblins
  6 hobgoblins
  A quokka (D:3)
  7 bats
  4 frilled lizards (D:1)
  6 kobolds
  2 rats
63 creatures vanquished.

Vanquished Creatures (others)
  A hound (D:4)
  5 jellies
  An adder (D:4)
  2 worms (D:4)
  2 orcs (D:4)
  2 ball pythons
  3 endoplasms
  2 goblins (D:4)
  2 jackals (D:4)
  2 quokkas
  2 kobolds
  3 fungi (D:2)
  8 plants (D:3)
35 creatures vanquished.

Grand Total: 98 creatures vanquished

Table legend:
 A = Non-vault XP
 B = Vault XP
 C = Vault XP percentage of total XP
 D = Non-vault monster count
 E = Vault monster count
 F = Vault count percentage of total count
                 A         B        C        D         E       F
            +---------+---------+-------+---------+---------+-------
      Total |     221 |     707 |  76.2 |      46 |      17 |  27.0
            +---------+---------+-------+---------+---------+-------
        D:1 |      30 |       0 |   0.0 |      11 |       0 |   0.0
        D:2 |       9 |      60 |  87.0 |       7 |      12 |  63.2
        D:3 |     161 |       0 |   0.0 |      21 |       0 |   0.0
        D:4 |      21 |     647 |  96.9 |       7 |       5 |  41.7
            +---------+---------+-------+---------+---------+-------

Illustrated notes

Table legend:
 A = Kills in this place as a percentage of kills in entire the game.
 B = Kills by you in this place as a percentage of kills by you in the entire game.
 C = Kills by friends in this place as a percentage of kills by friends in the entire game.
 D = Other kills in this place as a percentage of other kills in the entire game.
 E = Experience gained in this place as a percentage of experience gained in the entire game.
 F = Experience gained in this place divided by the number of levels of this place that you have seen.
                   A       B       C       D       E      F
               +-------+-------+-------+-------+-------+----------------------
         Total | 100.0 | 100.0 |   N/A |   N/A | 100.0 | 232.0
       Dungeon | 100.0 | 100.0 |   N/A |   N/A | 100.0 | 232.0
               +-------+-------+-------+-------+-------+----------------------

Table legend: (Time is in decaauts)
 A = Elapsed time spent in this place.
 B = Non-inter-level travel time spent in this place.
 C = Inter-level travel time spent in this place.
 D = Time resting spent in this place.
 E = Time spent auto-exploring this place.
 F = Levels seen in this place.
 G = Mean time per level.
                   A        B        C        D        E       F      G
               +--------+--------+--------+--------+--------+-----+--------+
         Total |   2889 |   2765 |    124 |     60 |   2386 |   4 |  722.2 |
       Dungeon |   2889 |   2765 |    124 |     60 |   2386 |   4 |  722.2 |
               +--------+--------+--------+--------+--------+-----+--------+

Top non-repeatable levels by time:
     D:3: 820 daAuts
     D:2: 813 daAuts
     D:1: 698 daAuts
     D:4: 556 daAuts
